Map: Nightshade LE

Players

Euronymous

  • Race: Zerg Zerg
  • League: Diamond
  • Spawn Location: 5:00

DMNS - Winner!

  • Race: Protoss Protoss
  • League: Diamond
  • Spawn Location: 11:00

VOD

Have the link to the VOD?

Description

Time

  • Played on: Jan. 20, 2020, 8:33 a.m.
  • Length: 34:16
Show
View Real Time Build Order
Export as new Build Order

Euronymous Zerg 

Build Orders: Pool First, Lurkers 

Get SALT Encoding   

  12  0:01  Drone  
  13  0:13  Overlord  
  13  0:18  Drone  
  14  0:31  Drone x2  
  16  0:37  Drone  
  17  0:44  Spawning Pool  
  16  0:50  Drone  
  17  1:04  Drone  
  18  1:15  Drone  
  19  1:22  Hatchery  
  18  1:31  Queen  
  18  1:32  Zergling x4  
  22  1:42  Overlord  
  22  1:59  Hatchery  
  21  2:07  Queen  
  23  2:13  Drone x2  
  25  2:29  Overlord  
  25  2:33  Queen  
  27  2:42  Queen  
  29  2:48  Drone x3  
  32  2:57  Drone x3  
  35  3:05  Drone x2  
  36  3:15  Queen  
  36  3:18  Drone x2  
  40  3:25  Queen  
  42  3:27  Overlord  
  42  3:40  Extractor, Drone x5  
  42  3:41  Extractor, Drone  
  46  3:50  Drone x2  
  46  3:51  Drone x3  
  51  4:01  Drone x5  
  56  4:05  Extractor  
  56  4:08  Overlord  
  55  4:15  Drone x2  
  55  4:16  Overlord  
  57  4:21  Evolution Chamber  
  57  4:23  Evolution Chamber  
  55  4:26  Metabolic Boost  
  55  4:38  Lair  
  55  4:40  Drone x7  
  55  4:41  Drone  
  63  4:51  Zerg Melee Weapons Level 1  
  63  4:54  Spore Crawler  
  63  4:56  Spore Crawler x2  
  63  4:57  Overlord, Spore Crawler  
  59  5:05  Zerg Missile Weapons Level 1  
  59  5:07  Drone x4  
  63  5:18  Drone x2  
  63  5:19  Drone x6  
  71  5:25  Overlord x2  
  71  5:27  Extractor  
  70  5:31  Drone x2  
  70  5:32  Drone x2  
  74  5:41  Overlord  
  74  5:47  Hatchery  
  73  5:55  Hydralisk Den  
  73  5:56  Overseer  
  72  6:00  Extractor, Overlord  
  72  6:01  Overlord  
  72  6:02  Extractor  
  70  6:11  Overlord  
  70  6:17  Drone x4  
  70  6:18  Drone x2  
  76  6:25  Grooved Spines  
  76  6:29  Baneling Nest  
  76  6:30  Hydralisk x3  
  76  6:31  Hydralisk x4  
  89  6:33  Extractor x2  
  87  6:42  Drone  
  87  6:43  Drone x2  
  87  6:44  Drone  
  87  6:45  Drone x3  
  94  6:51  Overseer  
  94  6:53  Overseer  
  94  6:55  Overseer  
  94  7:00  Hydralisk x7  
  108  7:05  Pneumatized Carapace  
  108  7:10  Hatchery  
  108  7:13  Hydralisk  
  107  7:31  Spore Crawler  
  107  7:32  Spore Crawler, Drone x6  
  107  7:34  Overlord x3  
  107  7:35  Overlord x2  
  111  7:40  Zerg Missile Weapons Level 2  
  111  7:43  Zerg Melee Weapons Level 2  
  111  7:48  Overlord x2  
  111  8:11  Overlord  
  111  8:16  Drone  
  111  8:17  Drone x14  
  126  8:23  Muscular Augments  
  126  8:25  Infestation Pit  
  125  8:27  Lurker Den  
  125  8:31  Spore Crawler, Drone  
  124  8:36  Zergling x6  
  127  8:47  Spire  
  127  8:48  Drone x4  
  129  8:51  Spore Crawler  
  129  8:52  Spore Crawler  
  129  8:53  Spore Crawler  
  127  8:56  Overlord x4  
  127  8:57  Overlord x2  
  127  9:02  Hive  
  127  9:21  Hydralisk  
  127  9:22  Hydralisk x15  
  159  9:34  Burrow  
  159  9:39  Extractor x2  
  159  9:40  Drone x4  
  159  9:41  Drone  
  159  9:44  Drone  
  159  9:45  Hydralisk x4  
  163  9:46  Hydralisk x3  
  177  10:03  Overlord  
  177  10:08  Evolution Chamber  
  177  10:11  Spore Crawler  
  175  10:18  Hatchery  
  175  10:19  Overlord  
  174  10:21  Overlord  
  174  10:23  Adaptive Talons  
  174  10:25  Zerg Missile Weapons Level 3  
  174  10:26  Zerg Melee Weapons Level 3  
  174  10:27  Greater Spire  
  174  10:32  Adrenal Glands  
  174  10:33  Hydralisk x5, Ultralisk Cavern  
  183  10:36  Zerg Ground Armor Level 1  
  183  10:39  Overlord  
  183  10:51  Hydralisk x2  
  183  10:52  Hydralisk x2  
  191  10:58  Overlord x2  
  191  11:12  Lurker x6  
  191  11:13  Lurker x2  
  191  11:16  Overseer  
  191  11:18  Overseer  
  199  11:20  Seismic Spines  
  199  11:26  Spire  
  198  11:37  Overlord x2  
  198  11:50  Zerg Flyer Armor Level 1  
  198  11:53  Extractor  
  197  11:54  Chitinous Plating  
  197  11:56  Overlord x2  
  197  11:58  Extractor  
  194  12:43  Corruptor x5  
  174  12:52  Corruptor x2  
  174  12:53  Corruptor x14  
  142  13:13  Anabolic Synthesis  
  136  13:37  Viper x4  
  136  13:38  Viper x2  
  154  13:43  Evolution Chamber x2  
  154  13:44  Evolution Chamber  
  154  13:45  Zerg Flyer Armor Level 2  
  154  13:46  Zerg Flyer Weapons Level 1  
  151  13:48  Zergling x2  
  151  13:49  Zergling x40  
  172  14:02  Overlord  
  172  14:05  Overseer  
  172  14:06  Overseer  
  172  14:07  Overseer  
  172  14:09  Corruptor x6  
  182  14:34  Queen  
  184  14:44  Drone x4  
  184  14:45  Drone x4  
  192  14:48  Evolution Chamber  
  192  14:49  Hatchery, Zerg Ground Armor Level 2  
  192  14:50  Evolution Chamber  
  192  14:51  Extractor  
  192  14:52  Extractor  
  147  16:11  Hydralisk  
  147  16:12  Hydralisk x14  
  147  16:17  Corruptor x3  
  147  16:18  Corruptor x9  
  193  16:46  Swarm Host, Corruptor x4  
  196  16:49  Viper  
  198  17:01  Overlord x2  
  198  17:05  Zerg Flyer Armor Level 3  
  198  17:06  Zerg Flyer Weapons Level 2  
  193  17:15  Drone x4  
  195  17:17  Evolution Chamber  
  195  17:19  Evolution Chamber  
  195  17:20  Evolution Chamber  
  167  18:00  Hydralisk x9  
  167  18:01  Hydralisk x10  
  195  18:27  Hatchery  
  110  19:06  Corruptor x10  
  110  19:07  Corruptor x8  
  136  19:39  Hydralisk x13  
  162  19:47  Viper x3  
  162  19:48  Viper  
  174  19:59  Viper  
  174  20:00  Viper  
  174  20:02  Hydralisk  
  174  20:03  Hydralisk x4  
  122  22:00  Corruptor x7  
  122  22:01  Corruptor x26  
  117  22:02  Corruptor x6  
  177  22:18  Hydralisk x4  
  177  22:19  Hydralisk x5  
  177  22:22  Hydralisk  
  197  22:57  Hatchery  
  141  24:15  Corruptor  
  141  24:16  Corruptor x19  
  155  24:43  Extractor  
  155  24:45  Hatchery, Extractor  
  153  24:46  Hydralisk x6  
  153  24:47  Hydralisk  
  166  25:03  Overseer  
  166  25:04  Overseer  
  166  25:19  Zergling x20  
  166  25:20  Zergling x42  
  153  26:04  Corruptor x5  
  107  26:05  Corruptor x5  
  103  26:35  Extractor  
  103  26:36  Extractor  
  96  26:54  Hydralisk x11  
  95  26:55  Hydralisk x3  
  95  26:58  Zergling x2  
  95  26:59  Zergling x18  
  133  27:18  Hatchery  
  132  27:26  Hydralisk  
  132  27:27  Hydralisk x11  
  156  27:35  Overseer  
  156  27:36  Overseer  
  156  27:52  Extractor  
  156  27:54  Extractor  
  137  28:06  Hydralisk  
  137  28:07  Hydralisk x6  
  140  28:43  Hatchery  
  139  29:07  Unknown  
  139  29:09  Infestor x3  
  143  29:10  Infestor  
  147  29:45  Infestor x4  
  146  30:11  Hydralisk  
  146  30:12  Hydralisk x16  
  146  30:13  Hydralisk x3  
  182  30:16  Zergling x2  
  182  30:17  Zergling x22  
  188  31:04  Infestor x4  
  136  31:31  Drone  
  136  31:32  Drone x20  
  156  31:49  Hatchery  
  135  32:17  Hatchery  
  135  32:19  Infestor x4  
  111  32:40  Hydralisk  
  111  32:41  Hydralisk x14  
  141  32:46  Overseer  
Show
View Real Time Build Order
Export as new Build Order

DMNS Protoss - Winner!

Build Orders: Carriers 

Get SALT Encoding   

  12  0:01  Probe (Chrono Boost)  
  13  0:10  Probe (Chrono Boost)  
  14  0:17  Pylon  
  14  0:21  Probe  
  15  0:35  Probe  
  16  0:47  Probe  
  17  0:59  Probe (Chrono Boost)  
  17  1:00  Forge  
  18  1:11  Probe (Chrono Boost)  
  19  1:16  Probe (Chrono Boost)  
  20  1:23  Nexus  
  20  1:32  Photon Cannon  
  20  1:35  Probe  
  21  1:46  Pylon  
  21  1:51  Gateway  
  21  1:56  Probe  
  22  2:06  Assimilator  
  22  2:08  Probe  
  23  2:09  Assimilator x2  
  23  2:15  Assimilator  
  23  2:20  Probe  
  24  2:32  Probe (Chrono Boost)  
  25  2:40  Cybernetics Core  
  25  2:41  Probe (Chrono Boost)  
  26  2:47  Pylon  
  26  2:50  Probe x2 (Chrono Boost)  
  29  3:00  Probe (Chrono Boost)  
  29  3:02  Probe (Chrono Boost)  
  30  3:05  Probe (Chrono Boost)  
  30  3:11  Probe (Chrono Boost)  
  32  3:17  Stargate  
  34  3:21  Probe x2 (Chrono Boost)  
  34  3:26  Probe (Chrono Boost)  
  34  3:28  Probe  
  36  3:35  Stargate  
  36  3:37  Probe  
  36  3:40  Probe  
  38  3:45  Stargate  
  38  3:49  Probe  
  38  3:52  Probe  
  40  4:01  Probe  
  45  4:03  Void Ray (Chrono Boost)  
  45  4:04  Probe  
  46  4:13  Probe  
  46  4:16  Probe, Void Ray (Chrono Boost)  
  52  4:25  Probe  
  52  4:30  Protoss Air Weapons Level 1  
  53  4:36  Pylon  
  53  4:41  Probe  
  54  4:53  Void Ray  
  54  4:54  Nexus, Probe  
  54  4:57  Pylon  
  59  5:03  Pylon  
  59  5:14  Pylon  
  59  5:15  Void Ray  
  59  5:16  Photon Cannon  
  59  5:20  Pylon  
  63  5:22  Probe  
  63  5:23  Probe  
  65  5:31  Pylon  
  65  5:41  Void Ray (Chrono Boost)  
  65  5:42  Shield Battery  
  69  5:46  Photon Cannon  
  69  5:47  Probe x2 (Chrono Boost)  
  71  5:55  Shield Battery  
  73  5:58  Probe x2 (Chrono Boost)  
  73  6:00  Photon Cannon  
  73  6:03  Probe x2 (Chrono Boost)  
  73  6:06  Void Ray (Chrono Boost)  
  79  6:12  Probe  
  79  6:13  Probe  
  79  6:17  Pylon  
  79  6:18  Probe  
  82  6:23  Assimilator  
  82  6:24  Probe, Pylon  
  83  6:26  Probe  
  83  6:30  Probe  
  85  6:38  Oracle  
  88  6:40  Photon Cannon  
  88  6:41  Photon Cannon  
  88  6:42  Photon Cannon  
  88  6:45  Shield Battery  
  88  6:51  Void Ray  
  92  6:56  Photon Cannon  
  92  6:59  Void Ray  
  96  7:16  Void Ray  
  100  7:30  Gateway  
  100  7:33  Gateway  
  100  7:34  Void Ray  
  100  7:35  Gateway  
  104  7:39  Gateway  
  104  7:41  Photon Cannon  
  104  7:44  Photon Cannon  
  104  8:01  Void Ray x2  
  112  8:08  Shield Battery  
  112  8:13  Shield Battery  
  112  8:16  Photon Cannon  
  112  8:17  Photon Cannon, Void Ray  
  112  8:19  Pylon  
  116  8:20  Shield Battery  
  116  8:21  Shield Battery  
  116  8:25  Shield Battery  
  116  8:29  Photon Cannon  
  116  8:30  Photon Cannon  
  116  8:32  Shield Battery  
  116  8:33  Probe x3  
  119  8:39  Photon Cannon  
  119  8:41  Photon Cannon  
  119  8:44  Shield Battery, Void Ray  
  119  8:47  Oracle  
  126  8:50  Shield Battery  
  126  9:00  Probe  
  126  9:01  Probe  
  126  9:02  Fleet Beacon  
  128  9:07  Shield Battery  
  128  9:14  Stargate  
  128  9:16  Void Ray  
  132  9:22  Probe x2  
  132  9:23  Pylon  
  134  9:24  Assimilator  
  134  9:33  Probe  
  134  9:34  Probe  
  136  9:45  Stargate  
  136  9:53  Cybernetics Core  
  136  9:55  Protoss Air Armor Level 1 (Chrono Boost)  
  148  10:01  Carrier x2 (Chrono Boost)  
  148  10:11  Pylon  
  148  10:14  Pylon x2  
  148  10:29  Carrier (Chrono Boost)  
  148  10:30  Pylon  
  148  10:33  Pylon  
  148  10:34  Unknown  
  160  10:36  Carrier (Chrono Boost)  
  160  10:38  Robotics Facility  
  160  10:44  Protoss Air Weapons Level 2 (Chrono Boost)  
  160  10:45  Carrier (Chrono Boost)  
  166  11:02  Carrier (Chrono Boost), Protoss Shields Level 1  
  172  11:15  Carrier  
  178  11:22  Pylon  
  178  11:37  Observer (Chrono Boost)  
  179  11:50  Observer (Chrono Boost)  
  179  11:51  Protoss Air Armor Level 2 (Chrono Boost)  
  179  12:10  Observer  
  179  12:51  Oracle x4  
  165  13:03  Void Ray  
  169  13:28  Void Ray x4  
  185  13:42  Photon Cannon  
  185  13:45  Void Ray  
  189  14:12  Pylon  
  189  14:24  Assimilator  
  189  14:27  Assimilator, Protoss Air Armor Level 3 (Chrono Boost), Protoss Air Weapons Level 3 (Chrono Boost)  
  189  14:29  Photon Cannon  
  189  14:31  Shield Battery  
  189  14:36  Nexus  
  189  14:38  Pylon  
  189  14:43  Photon Cannon  
  189  14:45  Photon Cannon  
  189  14:46  Photon Cannon  
  189  14:47  Photon Cannon  
  189  14:49  Photon Cannon  
  189  14:50  Photon Cannon, Shield Battery  
  189  14:52  Shield Battery  
  189  14:55  Shield Battery x2  
  189  15:00  Photon Cannon  
  189  15:01  Photon Cannon  
  189  15:03  Photon Cannon  
  189  15:04  Photon Cannon, Shield Battery  
  189  15:05  Shield Battery  
  189  15:11  Shield Battery  
  189  15:12  Shield Battery  
  189  15:14  Shield Battery  
  189  15:15  Shield Battery  
  189  15:35  Twilight Council  
  161  16:14  Void Ray x5  
  181  16:30  Stargate  
  181  16:32  Stargate  
  181  16:57  Void Ray x3  
  193  17:28  Warp Gate  
  193  17:33  Void Ray  
  193  17:36  Protoss Shields Level 2 (Chrono Boost)  
  197  18:12  Photon Cannon x2  
  197  18:17  Photon Cannon x2  
  197  18:19  Photon Cannon  
  197  18:20  Photon Cannon  
  197  18:31  Photon Cannon  
  197  18:32  Photon Cannon  
  161  18:55  Void Ray x2 (Chrono Boost)  
  161  18:56  Void Ray x3 (Chrono Boost)  
  159  19:02  Void Ray (Chrono Boost)  
  159  19:03  Void Ray (Chrono Boost)  
  155  19:31  Void Ray x5 (Chrono Boost)  
  155  19:34  Stargate x2  
  175  19:38  Stargate, Void Ray x2  
  183  19:49  Nexus  
  183  19:52  Pylon  
  183  19:55  Pylon  
  183  20:12  Observer  
  184  20:19  Photon Cannon x2  
  184  20:21  Photon Cannon  
  184  20:24  Photon Cannon  
  184  20:31  Photon Cannon  
  184  20:33  Observer  
  185  20:39  Assimilator  
  185  20:41  Assimilator  
  185  20:55  Observer  
  186  20:59  Carrier  
  192  21:16  Shield Battery  
  192  21:17  Shield Battery  
  192  21:19  Shield Battery  
  192  21:22  Photon Cannon  
  192  21:23  Photon Cannon  
  192  21:25  Photon Cannon  
  192  21:37  Carrier (Chrono Boost)  
  182  21:52  Carrier (Chrono Boost)  
  182  21:53  Carrier (Chrono Boost)  
  174  22:04  Carrier (Chrono Boost)  
  180  22:33  Carrier (Chrono Boost)  
  180  22:35  Carrier  
  180  22:36  Shield Battery  
  192  22:37  Shield Battery  
  192  22:56  Carrier  
  198  23:14  Protoss Shields Level 3 (Chrono Boost)  
  156  24:10  Carrier x3 (Chrono Boost)  
  156  24:12  Void Ray x2 (Chrono Boost)  
  176  24:28  Void Ray (Chrono Boost)  
  176  24:47  Carrier (Chrono Boost), Nexus  
  176  24:50  Pylon  
  176  24:52  Pylon  
  182  25:13  Photon Cannon  
  182  25:14  Photon Cannon  
  182  25:16  Photon Cannon  
  182  25:17  Photon Cannon  
  182  25:19  Photon Cannon  
  182  25:21  Photon Cannon  
  182  25:22  Photon Cannon  
  182  25:25  Shield Battery  
  182  25:26  Shield Battery  
  181  25:28  Shield Battery  
  181  25:30  Shield Battery  
  181  25:33  Void Ray  
  185  25:39  Pylon  
  165  26:07  Void Ray x3  
  169  26:15  Assimilator  
  169  26:19  Assimilator  
  169  26:25  Void Ray  
  173  26:39  Void Ray x2  
  181  27:04  Void Ray x4  
  197  27:40  Shield Battery  
  197  27:41  Shield Battery  
  197  28:00  Observer  
  190  28:42  Nexus  
  190  28:45  Pylon  
  190  28:47  Pylon  
  190  28:49  Pylon  
  190  28:52  Dark Shrine  
  190  28:53  Gateway  
  190  28:59  Gateway  
  190  29:00  Gateway  
  190  29:03  Assimilator  
  190  29:09  Assimilator  
  190  29:15  Photon Cannon x2  
  190  29:17  Photon Cannon  
  190  29:19  Photon Cannon  
  190  29:21  Photon Cannon  
  190  29:23  Photon Cannon  
  190  29:25  Photon Cannon  
  190  29:27  Photon Cannon  
  190  29:29  Photon Cannon  
  190  29:31  Shield Battery  
  190  29:33  Shield Battery  
  190  29:34  Shield Battery  
  190  29:39  Shield Battery  
  190  29:41  Shield Battery  
  190  29:46  Photon Cannon  
  190  29:49  Gateway  
  190  30:02  Shield Battery  
  170  31:27  Dark Templar x2  
  170  31:28  Dark Templar x2  
  170  31:29  Dark Templar x2  
  170  31:30  Dark Templar  
  170  31:31  Dark Templar  
  186  31:34  Dark Templar  
  188  32:15  Dark Templar  
  190  32:16  Dark Templar x2  
  190  32:17  Dark Templar x2  
  186  33:05  Dark Templar  
  198  33:47  Dark Templar  
  198  34:10  Dark Templar  
Tags
 
Add a new tag
Caveats
  • Supply blocks, unpowered buildings, or Contaminate may cause inaccurate times.
  • Supply counts are checked every 10 seconds.